 Dungeon Crawl Stone Soup version 0.29-a0-857-g9b1aa3ac5b (webtiles) character file.

Game seed: 11680478604621463023

34 nxtlvl the Cutter (level 3, 0/22 HPs)
             Began as a Deep Elf Monk on July 17, 2022.
             Slain by an orc
             ... wielding a +0 dagger
              (1 damage)
             ... on level 3 of the Dungeon.
             The game lasted 00:03:21 (707 turns).

nxtlvl the Cutter (Deep Elf Monk)                    Turns: 707, Time: 00:03:22

Health: 0/22       AC:  3    Str:  8    XL:     3   Next: 14%
Magic:  5/5        EV: 13    Int: 16    God:
Gold:   92         SH:  0    Dex: 17    Spells: 2/2 levels left

rFire   . . .      SeeInvis .   a - +0 short sword
rCold   . . .      Faith    .   (no shield)
rNeg    . . .      Spirit   .   b - +0 robe
rPois   .          Reflect  .   (no helmet)
rElec   .          Harm     .   j - +0 cloak
rCorr   .          Rampage  .   (no gloves)
Will    .....                   (no boots)
Stlth   ++........              (no amulet)
HPRegen 0.07/turn               (no ring)
MPRegen 0.09/turn               (no ring)

@: no status effects
A: no striking features
a: no special abilities


You were on level 3 of the Dungeon.
You visited 1 branch of the dungeon, and saw 4 of its levels.

You collected 92 gold pieces.

Inventory:

Hand Weapons
 a - a +0 short sword (weapon)
 o - a +0 quarterstaff
Missiles
 k - 6 stones (quivered)
Armour
 b - a +0 robe (worn)
 j - a +0 cloak (worn)
 l - a +0 ring mail
Jewellery
 e - a +6 ring of intelligence
Scrolls
 f - a scroll of identify {unknown}
 g - 2 scrolls of teleportation {unknown}
 i - a scroll of fog {unknown}
 m - a scroll of silence {unknown}
Potions
 c - a potion of ambrosia
 d - a potion of cancellation {unknown}
 h - 2 potions of might {unknown}
 n - a potion of degeneration {unknown}


   Skills:
 - Level 2.4 Fighting
 * Level 4.3 Short Blades
 - Level 3.6 Dodging
 - Level 2.4 Stealth


You had 2 spell levels left.
You didn't know any spells.
Your spell library was empty.

Dungeon Overview and Level Annotations

Branches:
Dungeon (4/15)
 Temple: D:4-7

Altars:


Message History

The orc is lightly wounded.
The orc hits you but does no damage.
You barely miss the orc.
The orc is lightly wounded.
You hit the orc.
The orc is heavily wounded.
The orc barely misses you.
You closely miss the orc.
The orc is heavily wounded.
The orc barely misses you.
You closely miss the orc.
The orc is heavily wounded.
The orc hits you with a +0 dagger.
* * * LOW HITPOINT WARNING * * *
You hit the orc but do no damage.
The orc is heavily wounded.
The orc hits you but does no damage.
You hit the orc but do no damage.
The orc is heavily wounded.
The orc hits you with a +0 dagger.
* * * LOW HITPOINT WARNING * * *
You hit the orc.
The orc is almost dead.
The orc barely misses you.
You closely miss the orc.
The orc is almost dead.
You hit the orc but do no damage.
The orc is almost dead.
The orc barely misses you.
You hit the orc but do no damage.
The orc is almost dead.
The orc misses you.
You hit the orc but do no damage.
The orc is almost dead.
The orc hits you with a +0 dagger.
* * * LOW HITPOINT WARNING * * *
You closely miss the orc.
The orc is almost dead.
The orc hits you with a +0 dagger.
You die...

...#.....# .........# .......#
.)....# ######### #....##
#.......# #.†...# #.......####
#.(...## #..........#
###......####..........######
............o@................
#########..#####..#.....######
##.# #..#.....# #.#
....#.......
...#.....######### ......>..#
......##..# ......##..#
.......##..#


You could see an orc.

Vanquished Creatures
  An adder (D:3)
  An adder skeleton (D:2)
  A dart slug (D:4)
  An orc (D:3)
  3 ball pythons
  An endoplasm (D:1)
  2 giant cockroaches
  2 goblins
  A hobgoblin (D:1)
  A ball python skeleton (D:2)
  A bat (D:3)
  3 frilled lizards
  A kobold (D:2)
  2 rats
21 creatures vanquished.

Notes
Turn   | Place    | Note
-------+----------+-------------------------------------------
     0 | D:1      | nxtlvl the Deep Elf Monk began the quest for the Orb.
     0 | D:1      | Reached XP level 1. HP: 13/13 MP: 3/3
   236 | D:2      | Reached XP level 2. HP: 18/18 MP: 4/4
   536 | D:4      | Reached skill level 4 in Short Blades
   577 | D:4      | Noticed an ogre
   638 | D:3      | Reached XP level 3. HP: 18/22 MP: 5/5
   706 | D:3      | HP: 1/22 [orc/+0 dagger (2)]
   707 | D:3      | Slain by an orc

Illustrated notes

Levels and vault maps discovered:
D:1:      nzn_arrival_depleted_hourglass, layout_loops_ring
D:2:      layout_loops_ring, serial_undead, serial_undead_a, serial_undead_e,
          serial_undead_b, serial_undead_d, corner_web_ring,
          pf_guarded_unrand_delatra
D:3:      cheibrodos_greedy_goblins, layout_basic, grunt_temple_overflow_open
D:4:      layout_gridville, marbit_many_paths, serial_shops, shop_fountains,
          uniq_eustachio

Skill      XL: |  1  2 |
---------------+-------+-----
Short Blades   | 4 |  4.3
Fighting       | |  2.4
Dodging        | |  3.6
Stealth        | |  2.4

Action                   || total
-------------------------++-------
Melee: Short sword       ||    89
 Stab: Sleeping          ||     4
Armor: Robe              ||    12
Dodge: Dodged            ||    51

Table legend: (Time is in decaauts)
 A = Elapsed time spent in this place.
 B = Non-inter-level travel time spent in this place.
 C = Inter-level travel time spent in this place.
 D = Time resting spent in this place.
 E = Time spent auto-exploring this place.
 F = Levels seen in this place.
 G = Mean time per level.
                   A        B        C        D        E       F      G
               +--------+--------+--------+--------+--------+-----+--------+
         Total |    698 |    698 |      0 |      0 |    136 |   4 |  174.5 |
       Dungeon |    698 |    698 |      0 |      0 |    136 |   4 |  174.5 |
               +--------+--------+--------+--------+--------+-----+--------+

Top non-repeatable levels by time:
     D:4: 280 daAuts
     D:1: 189 daAuts
     D:3: 140 daAuts
     D:2: 89 daAuts
